cohdb
Replays
Latest Replays
All Replays
Popular Replays
Top Player Replays
Match Explorer
How It Works
Community
CoH3 Stats
Reddit
Sign in to upload your games and track your stats! →
Sign in with Steam
Match 39554575
Unlisted
Match 39554575
Overview
Messages
Build Orders
End
Engineer Squad
Construct Weapon Support Center
M1919 Machine Gun Team
Bazooka Squad
M1919 Machine Gun Team
Selects Heavy Weapons
Selects M2HB .50cal Heavy Machine Gun
Bazooka Squad
Construct Medical Station
Mechanized Support Center
Selects Assault Carriers
M1919 Machine Gun Team
Engineer Squad
M3 Assault Carrier
Engineer Squad
Construct Tank Depot
M4(105) Sherman Bulldozer
Selects Halftrack Strongpoints
M4(105) Sherman Bulldozer
M18 Hellcat Tank Destroyer
M1919 Machine Gun Team
Engineer Squad
M18 Hellcat Tank Destroyer
Selects M26 Pershing Heavy Tank
Engineer Squad
M1919 Machine Gun Team
Engineer Squad
Selects Gallant Stand
M3 Assault Carrier
M26 Pershing Heavy Tank
M1919 Machine Gun Team
Bazooka Squad
M18 Hellcat Tank Destroyer
Selects Black Dragon Artillery Barrage
Black Dragon Artillery Barrage
ßoo
Fantasmo
ysleegogo
KingLiA
For The Children™
JR1
Rubee
MacBookGamer
0
0
Comments
sign in to comment!
No comments posted yet!